 Dungeon Crawl Stone Soup version 0.26-a0-712-ga5a9c9c9d0 (webtiles) character file.

Game seed: 6971766914787299728

192115 kae the Phalangite (level 18, -4/160 HPs)
             Began as a Merfolk Gladiator on Nov 12, 2020.
             Was the Champion of Makhleb.
             Slain by a naga warrior
             ... wielding a +0 halberd
              (19 damage)
             ... on level 1 of the Snake Pit.
             The game lasted 00:43:53 (43409 turns).

kae the Phalangite (Merfolk Gladiator)             Turns: 43409, Time: 00:43:54

Health: -4/160     AC: 26    Str: 21    XL:     18   Next: 22%
Magic:  0/27       EV: 18    Int:  7    God:    Makhleb [******]
Gold:   2896       SH:  0    Dex: 17    Spells: 22/29 levels left

rFire    . . .     SeeInvis +   a - +1 halberd (protect)
rCold    . . .     Faith    .   (shield currently unavailable)
rNeg     + . .     Spirit   +   o - +3 swamp dragon scales
rPois    +         Reflect  .   c - +1 helmet
rElec    .         Harm     .   r - +2 cloak
rCorr    .         Rampage  .   (no gloves)
MR       +....                  K - +1 pair of boots
Stlth    +++.......             e - amulet of guardian spirit
HPRegen  0.36/turn              P - ring of see invisible
MPRegen  0.20/turn              H - ring of positive energy

@: lethally poisoned (-4 -> -5), protection aura, constricted
A: change form in water, swift swim, stealthy swim
}: 1/15 runes: decaying
a: Minor Destruction, Lesser Servant of Makhleb, Major Destruction, Greater
Servant of Makhleb, Renounce Religion


You were on level 1 of the Snake Pit.
You worshipped Makhleb.
Makhleb was exalted by your worship.
You visited 6 branches of the dungeon, and saw 29 of its levels.

You collected 3157 gold pieces.
You spent 261 gold pieces at shops.

Inventory:

Hand Weapons
 a - a +1 halberd of protection (weapon)
 b - a +2 trident of freezing
Missiles
 d - 4 throwing nets (quivered)
Armour
 c - a +1 helmet (worn)
 o - +3 swamp dragon scales (worn)
 r - a +2 cloak (worn)
 t - quicksilver dragon scales
 K - a +1 pair of boots (worn)
Jewellery
 e - an amulet of guardian spirit (around neck)
 f - an uncursed ring of protection from fire
 p - an uncursed ring of fire
 v - an uncursed ring of stealth
 C - an uncursed amulet of reflection
 H - a ring of positive energy (right hand)
 L - an uncursed ring of flight
 M - an uncursed ring of ice
 P - a ring of see invisible (left hand)
 T - an uncursed amulet of faith
Wands
 u - a wand of acid (44)
 A - a wand of flame (46)
 J - a wand of paralysis (7)
 O - a wand of disintegration (36)
 U - a wand of polymorph (39)
 V - a wand of random effects (31)
 W - a wand of enslavement (9)
 Y - a wand of iceblast (6)
Scrolls
 j - a scroll of summoning
 n - 7 scrolls of enchant weapon
 w - 4 scrolls of teleportation
 x - 10 scrolls of remove curse
 y - 24 scrolls of identify
 z - 2 scrolls of blinking
 F - 6 scrolls of amnesia
 I - 4 scrolls of fog
 N - 3 scrolls of magic mapping
 Q - 4 scrolls of fear
 S - a scroll of silence
Potions
 g - 4 potions of stabbing
 h - 9 potions of curing
 i - a potion of mutation
 k - a potion of resistance
 l - 3 potions of magic
 m - 6 potions of haste
 q - 6 potions of might
 s - 4 potions of lignification
 B - 3 potions of berserk rage
 D - 5 potions of brilliance
 E - 2 potions of cancellation
 G - 7 potions of flight
 R - 2 potions of heal wounds
 X - a potion of invisibility


   Skills:
 - Level 19.2 Fighting
 - Level 21.0 Polearms
 - Level 2.0 Throwing
 - Level 5.0 Armour
 + Level 14.6 Dodging
 - Level 7.0 Stealth
 - Level 6.0 Spellcasting
 - Level 10.0 Ice Magic
 + Level 10.7 Invocations
 - Level 7.0 Evocations


You had 22 spell levels left.
You knew the following spells:

 Your Spells              Type           Power        Failure   Level
a - Ozocubu's Armour      Ice            ###.....     1%          3
b - Frozen Ramparts       Ice            ###...       1%          3
d - Freeze                Ice            ###.         1%          1

Your spell library contained the following spells:

 Spells                   Type           Power        Failure   Level
 Animate Skeleton         Necr           #.....       36%         1
 Apportation              Tloc           #.....       36%         1
 Beastly Appendage        Tmut           #.....       36%         1
 Corona                   Hex            #......      36%         1
 Magic Dart               Conj           #...         36%         1
 Summon Small Mammal      Summ           #...         36%         1
 Hailstorm                Conj/Ice       #.......     45%         4
 Ice Form                 Ice/Tmut       #.......     45%         4
 Summon Ice Beast         Ice/Summ       #.......     45%         4
 Blink                    Tloc           N/A          52%         2
 Call Imp                 Summ           #.......     52%         2
 Searing Ray              Conj           #.....       52%         2
 Slow                     Hex            #.......     52%         2
 Wereblood                Tmut           #.......     52%         2
 Conjure Flame            Conj/Fire      #.......     75%         3
 Dazzling Flash           Conj/Hex       #.....       75%         3
 Mephitic Cloud           Conj/Pois/Air  #.......     75%         3
 Spider Form              Tmut/Pois      #.........   75%         3
 Fulminant Prism          Conj/Hex       #.........   98%         4
 Iskenderun's Mystic Bla  Conj/Tloc      #.......     98%         4
 Blade Hands              Tmut           #.........   100%        5


Dungeon Overview and Level Annotations

Branches:
Dungeon (15/15)            Temple (1/1) D:6            Lair (6/6) D:9
  Swamp (4/4) Lair:2        Snake (1/4) Lair:3        Slime (0/5) Lair:5
    Orc (2/2) D:11            Elf (0/3) Orc:2        Vaults (0/5) D:13
 Depths (0/5) D:15

Altars:
Ashenzari
Cheibriados
Dithmenos
Elyvilon
Fedhas
Gozag
Hepliaklqana
Kikubaaqudgha
Makhleb
Nemelex Xobeh
Okawaru
Qazlal
Ru
Sif Muna
Trog
Uskayaw
Vehumet
Wu Jian
Xom
Yredelemnul
Zin
The Shining One
Beogh
Jiyva

Shops:
D:7 [   D:8 [   D:10 ?   Orc:2 :[?!

Portals:
Pandemonium: Orc:2

Annotations:
D:3 1 runed translucent door, Crazy Yiuf
Lair:2 3 runed translucent doors, Queen's ghost, journeyman DrFi


Message History

* * * LOW HITPOINT WARNING * * *
The naga warrior constricts you.
Casting: Frozen Ramparts (safe; 1% risk of failure)
Confirm with . or Enter, or press ? or * to list all spells.
You don't have enough magic to cast that spell.
Casting: Frozen Ramparts (safe; 1% risk of failure)
Confirm with . or Enter, or press ? or * to list all spells.
You don't have enough magic to cast that spell.
You closely miss the naga warrior.
The naga warrior is moderately wounded.
The naga warrior hits you with a +0 halberd!
* * * LOW HITPOINT WARNING * * *
The naga warrior constricts you.
You slash the naga warrior!
The naga warrior is heavily wounded.
You feel sick.
Your swamp dragon scales prevents you from hitting the naga warrior.
The naga warrior is heavily wounded.
The naga warrior hits you with a +0 halberd!!
You die...

....#....................[.
.....#.####.)....##.......
..##...####..... #
####.....##..# .## #
##.###.....# ..#
##..........# #..###.
##..#.....#.)## .......
..........##..###.......
..........###(((@N......
..........# #####.......
.....###### ....... .....#
.8.8... ###### .......
.....8. ..>.... ......#


You could see a naga warrior.

Vanquished Creatures
  Kirke (Swamp:3)
  A thorn hunter (Swamp:4)
  An ogre mage (D:15)
  27 hydras
  2 naga warriors (Snake:1)
  A catoblepas (Lair:4)
  8 vault guards (D:13)
  4 centaur warriors
  9 two-headed ogres
  Erica (D:8)
  5 anacondas (Snake:1)
  14 alligators
  2 tengu warriors (D:15)
  2 shock serpents (Snake:1)
  5 death yaks
  7 orc high priests (Orc:2)
  A sun demon (Orc:2)
  2 naga sharpshooters (Snake:1)
  Nergalle (D:11)
  A skeletal warrior (D:15)
  3 spriggan druids (Swamp:4)
  2 infernal demonspawn (Orc:2)
  A torturous demonspawn (Orc:2)
  A flayed ghost (D:15)
  A naga ritualist (Snake:1)
  8 swamp dragons
  7 orc knights
  A wolf spider zombie (D:13)
  A necromancer (D:15)
  12 ugly things
  4 manticores
  3 oklob plants (Lair:3)
  2 mana vipers (Snake:1)
  12 orc sorcerers
  2 deep elf magi (D:15)
  2 cyclopes
  2 salamanders (Snake:1)
  Maurice (Orc:1)
  4 elephants (Lair:3)
  16 black mambas
  3 naga magi (Snake:1)
  2 rust devils (Orc:2)
  A guardian serpent (Snake:1)
  18 cane toads
  A spriggan skeleton (D:15)
  2 gargoyles
  3 rime drakes
  A redback zombie (D:15)
  7 yaktaurs
  15 komodo dragons
  An ice devil (Orc:2)
  A kobold demonologist (D:9)
  A guardian mummy (D:15)
  7 trolls
  8 meliai
  A wolf spider simulacrum (D:15)
  12 hornets
  11 polar bears
  Prince Ribbit (D:5)
  15 blink frogs
  12 slime creatures
  8 tyrant leeches
  An ettin zombie (D:15)
  A deep troll zombie (D:15)
  5 bog bodies
  4 water elementals (D:15)
  3 dream sheep (Lair:6)
  A fire dragon skeleton (D:15)
  20 spriggans
  5 shadows
  4 wraiths
  80 yaks
  3 basilisks
  3 hogs (Swamp:3)
  8 wyverns
  2 steam dragons
  24 vampire mosquitoes
  A chaos spawn (Orc:2)
  2 wargs (Orc:2)
  9 nagas
  14 insubstantial wisps
  2 acid dragons
  9 swamp worms
  14 water moccasins
  Edmund (D:4)
  15 swamp drakes
  42 orc warriors
  A phantom (D:9)
  An eye of draining (D:15)
  22 ogres
  2 black bears
  6 ice beasts
  5 sky beasts
  4 boggarts (Lair:6)
  34 wolves
  14 centaurs
  18 big kobolds
  20 bullfrogs
  A water moccasin zombie (D:5)
  2 scorpions
  41 killer bees
  A troll zombie (D:11)
  23 wights
  4 electric eels
  4 howler monkeys
  A bullfrog zombie (D:8)
  A quasit (D:11)
  4 centaur zombies
  6 hounds
  7 jellies
  32 orc priests
  7 centaur skeletons
  21 orc wizards
  A bullfrog skeleton (D:13)
  Terence (D:2)
  6 iguanas
  Natasha (thrice) (D:4)
  7 worker ants
  7 ogre zombies (D:11)
  2 bullfrog simulacra (D:8)
  A hound skeleton (D:4)
  A worker ant zombie (D:5)
  7 gnolls
  14 adders
  A shadow imp (D:8)
  7 white imps
  7 ufetubi
  5 oozes (Lair:5)
  2 adder skeletons
  An adder zombie (D:6)
  6 worms
  4 dart slugs
  An adder simulacrum (D:8)
  5 leopard geckos
  92 orcs
  6 giant cockroaches
  11 goblins
  9 hobgoblins
  5 jackals
  15 kobolds
  9 quokkas
  A ball python (D:3)
  10 bats
  4 frilled lizards
  A giant cockroach zombie (D:5)
  A goblin skeleton (D:11)
  3 goblin zombies (D:11)
  A hobgoblin skeleton (D:11)
  A hobgoblin zombie (D:11)
  A leopard gecko zombie (D:8)
  4 orc skeletons (D:11)
  15 orc zombies (D:11)
  3 quokka skeletons
  2 quokka zombies (D:7)
  11 rats
1160 creatures vanquished.

Vanquished Creatures (collateral kills)
  A naga warrior (Snake:1)
  A naga ritualist (Snake:1)
  2 mana vipers (Snake:1)
  A wight (D:10)
  An orc (D:10)
6 creatures vanquished.

Vanquished Creatures (others)
  Fannar (D:11)
  An alligator (Swamp:1)
  A wyvern (Lair:5)
  An ice beast (D:7)
  22 fungi
  79 plants
  11 withered plants (D:15)
116 creatures vanquished.

Grand Total: 1282 creatures vanquished

Notes
Turn   | Place    | Note
-------+----------+-------------------------------------------
     0 | D:1      | kae the Merfolk Gladiator began the quest for the Orb.
     0 | D:1      | Reached XP level 1. HP: 16/16 MP: 1/1
    59 | D:1      | Reached XP level 2. HP: 23/23 MP: 2/2
    63 | D:1      | Reached skill level 5 in Polearms
   465 | D:1      | Reached XP level 3. HP: 22/28 MP: 3/3
  1115 | D:2      | Reached skill level 6 in Polearms
  1153 | D:2      | Reached XP level 4. HP: 24/35 MP: 4/4
  1621 | D:2      | You fall into a shaft and drop 1 floor!
  2026 | D:2      | Found a shadowy altar of Dithmenos.
  2423 | D:3      | Noticed Terence
  2424 | D:3      | Noticed a moth of wrath
  2437 | D:3      | Reached skill level 7 in Polearms
  2618 | D:2      | Killed Terence
  2618 | D:2      | Reached XP level 5. HP: 31/42 MP: 2/5
  3567 | D:3      | Found a bloodstained altar of Trog.
  3705 | D:3      | Found a runed translucent door.
  3706 | D:3      | Noticed Crazy Yiuf
  3753 | D:4      | Found a sparkling altar of Nemelex Xobeh.
  3764 | D:4      | Reached skill level 8 in Polearms
  3812 | D:4      | Noticed an ogre
  3820 | D:4      | Killed an ogre
  3820 | D:4      | Reached XP level 6. HP: 39/49 MP: 4/6
  4020 | D:4      | Reached skill level 9 in Polearms
  4140 | D:4      | Reached XP level 7. HP: 54/55 MP: 7/7
  4209 | D:4      | Noticed Natasha
  4214 | D:4      | Killed Natasha
  4343 | D:4      | Reached skill level 5 in Fighting
  4512 | D:4      | Noticed Natasha
  4518 | D:4      | Killed Natasha
  4518 | D:4      | Reached skill level 10 in Polearms
  4584 | D:4      | Noticed Edmund
  4584 | D:4      | Noticed Natasha
  4615 | D:4      | Killed Natasha
  4622 | D:4      | Killed Edmund
  5289 | D:4      | Found a sparkling altar of Nemelex Xobeh.
  5971 | D:4      | Found a sparkling altar of Nemelex Xobeh.
  6263 | D:5      | Entered Level 5 of the Dungeon
  6449 | D:5      | Noticed Prince Ribbit
  6494 | D:5      | Reached skill level 11 in Polearms
  6494 | D:5      | Reached XP level 8. HP: 18/64 MP: 4/8
  6768 | D:5      | Killed Prince Ribbit
  7142 | D:5      | Reached skill level 12 in Polearms
  7945 | D:6      | Reached skill level 13 in Polearms
  7956 | D:6      | Found a staircase to the Ecumenical Temple.
  7976 | D:6      | Reached XP level 9. HP: 61/72 MP: 7/9
  7984 | Temple   | Entered the Ecumenical Temple
  8101 | Temple   | Became a worshipper of Makhleb the Destroyer
  8358 | D:6      | Found an ornate altar of the Wu Jian Council.
  8794 | D:7      | Reached skill level 14 in Polearms
  9009 | D:7      | Noticed an angel
  9010 | D:7      | Found a glowing silver altar of Zin.
  9010 | D:7      | Found a shimmering altar of Xom.
  9207 | D:7      | Found Yrune's Antique Armour Emporium.
  9503 | D:7      | Found a snail-covered altar of Cheibriados.
  9636 | D:7      | Found a blossoming altar of Fedhas.
  9673 | D:7      | Reached * piety under Makhleb
  9858 | D:8      | Noticed a polar bear
  9918 | D:8      | Noticed a two-headed ogre
 10078 | D:8      | Killed a two-headed ogre
 10078 | D:8      | Reached skill level 15 in Polearms
 10078 | D:8      | Reached XP level 10. HP: 52/83 MP: 6/10
 10402 | D:8      | Reached skill level 16 in Polearms
 10660 | D:8      | Noticed a death yak
 10929 | D:8      | Found an opulent altar of Gozag.
 11281 | D:8      | Reached ** piety under Makhleb
 11488 | D:8      | Noticed Erica
 11520 | D:8      | Killed Erica
 11520 | D:8      | Reached skill level 10 in Fighting
 11520 | D:8      | Reached skill level 17 in Polearms
 11875 | D:8      | Killed a death yak
 12067 | D:8      | Found Woush's Antique Armour Boutique.
 12074 | D:8      | Bought a runed cloak for 247 gold pieces
 12089 | D:8      | Found a runed translucent door.
 12191 | D:8      | Found a runed translucent door.
 12349 | D:8      | Noticed a two-headed ogre
 12355 | D:8      | Killed a two-headed ogre
 12355 | D:8      | Reached skill level 18 in Polearms
 12355 | D:8      | Reached XP level 11. HP: 64/92 MP: 7/11
 12820 | D:9      | Noticed a two-headed ogre
 12828 | D:9      | Killed a two-headed ogre
 12936 | D:9      | Reached skill level 19 in Polearms
 12971 | D:9      | Reached *** piety under Makhleb
 13753 | D:9      | Noticed a two-headed ogre
 13765 | D:9      | Killed a two-headed ogre
 13847 | D:9      | Reached skill level 20 in Polearms
 13868 | D:9      | Reached XP level 12. HP: 85/102 MP: 9/12
 13950 | D:9      | Found a staircase to the Lair.
 14103 | D:10     | Entered Level 10 of the Dungeon
 14116 | D:10     | Reached **** piety under Makhleb
 14192 | D:10     | Found Sounoluani's Magic Scroll Emporium.
 14725 | D:10     | Reached skill level 5 in Dodging
 15130 | D:11     | Noticed Fannar
 15364 | D:11     | Reached ***** piety under Makhleb
 15372 | D:11     | Noticed Nergalle
 15404 | D:11     | Killed Nergalle
 15458 | D:11     | Found a staircase to the Orcish Mines.
 15716 | D:11     | HP: 1/105 [Fannar/refrigeration (27)]
 15719 | D:11     | Killed Fannar
 16321 | D:11     | Reached skill level 10 in Dodging
 16575 | Lair:1   | Entered Level 1 of the Lair of Beasts
 16585 | Lair:1   | Reached skill level 1 in Invocations
 16961 | Lair:1   | Reached skill level 5 in Invocations
 17352 | Lair:1   | Reached XP level 13. HP: 111/111 MP: 17/17
 17907 | Lair:2   | Found a runed translucent gate.
 17907 | Lair:2   | Found a runed translucent gate.
 17907 | Lair:2   | Found a runed translucent gate.
 17911 | Lair:2   | Noticed Queen's ghost (journeyman DrFi)
 17949 | Lair:2   | Found a viscous altar of Jiyva.
 18372 | Lair:2   | Found a staircase to the Swamp.
 18430 | Lair:2   | Reached ****** piety under Makhleb
 18663 | Lair:3   | Found a staircase to the Snake Pit.
 18676 | Lair:3   | Reached skill level 10 in Invocations
 18704 | Lair:3   | Reached skill level 1 in Evocations
 18843 | Lair:3   | Learned a level 1 spell: Freeze
 18952 | Lair:3   | Reached skill level 1 in Ice Magic
 19707 | Lair:3   | Reached skill level 5 in Evocations
 19963 | Lair:3   | Reached skill level 5 in Ice Magic
 20263 | Lair:4   | Reached XP level 14. HP: 99/118 MP: 17/21
 21341 | Lair:4   | Learned a level 3 spell: Frozen Ramparts
 21343 | Lair:4   | Learned a level 1 spell: Beastly Appendage
 21347 | Lair:4   | Learned a level 3 spell: Ozocubu's Armour
 21369 | Lair:5   | Reached skill level 1 in Spellcasting
 21603 | Lair:5   | Found a staircase to the Slime Pits.
 22385 | Lair:6   | Entered Level 6 of the Lair of Beasts
 23126 | Lair:6   | Reached skill level 10 in Ice Magic
 23367 | Lair:6   | Reached skill level 5 in Spellcasting
 24004 | Lair:6   | Reached XP level 15. HP: 103/123 MP: 17/24
 25176 | D:12     | Reached skill level 21 in Polearms
 26289 | D:13     | Reached skill level 1 in Armour
 26399 | D:13     | Found a gate to the Vaults.
 26706 | D:13     | Found an ancient bone altar of Kikubaaqudgha.
 27244 | Orc:1    | Entered Level 1 of the Orcish Mines
 27805 | Orc:1    | Noticed Maurice
 27827 | Orc:1    | Killed Maurice
 27968 | Orc:2    | Entered Level 2 of the Orcish Mines
 28416 | Orc:2    | Found a roughly hewn altar of Beogh.
 28459 | Orc:2    | Found Settij's Magic Scroll Emporium.
 28526 | Orc:2    | Found Wuhogoell's Distillery.
 28886 | Orc:2    | Found a staircase to the Elven Halls.
 29222 | Orc:2    | Bought a scroll of noise for 14 gold pieces
 29563 | Orc:2    | Reached XP level 16. HP: 85/132 MP: 1/25
 30007 | Orc:2    | Paralysed by an orc sorcerer for 2 turns
 30428 | Orc:2    | Found Sashenwe's Book Boutique.
 30428 | Orc:2    | Found Poronuw's Antique Armour Shop.
 30437 | Orc:2    | Found a one-way gate leading to the halls of Pandemonium.
 31221 | D:14     | Reached skill level 5 in Armour
 31224 | D:14     | Reached skill level 1 in Stealth
 31991 | D:15     | Entered Level 15 of the Dungeon
 32015 | D:14     | Reached skill level 5 in Stealth
 33093 | D:15     | Found a staircase to the Depths.
 33944 | D:15     | Reached skill level 15 in Fighting
 34648 | Swamp:1  | Entered Level 1 of the Swamp
 34967 | Swamp:1  | Reached XP level 17. HP: 127/144 MP: 22/26
 37404 | Swamp:3  | Noticed Kirke
 37437 | Swamp:3  | Killed Kirke
 37760 | Swamp:4  | Entered Level 4 of the Swamp
 39386 | Swamp:4  | HP: 7/151 [poison (poison gas)]
 39392 | Swamp:4  | HP: 7/151 [poison (poison gas)]
 40369 | Swamp:4  | Got a decaying rune of Zot
 41127 | Lair:2   | Found a staircase to the Swamp.
 41742 | Snake:1  | Entered Level 1 of the Snake Pit
 41824 | Snake:1  | Reached XP level 18. HP: 66/160 MP: 16/27
 42071 | Snake:1  | HP: 8/160 [anaconda (1)]
 43409 | Snake:1  | Slain by a naga warrior

Illustrated notes

Levels and vault maps discovered:
D:1:      heliophobic_arrival_glass_houses, layout_loops_cross
D:2:      layout_loops_ring, nicolae_dithmenos_through_a_glass_darkly,
          minmay_close_crescents
D:3:      layout_loops_ring, tgw_trog, wad_orctagon, uniq_terence,
          uniq_crazy_yiuf_cottage
D:4:      layout_loops_corners, nemelex_xobeh_ov_fountains_minmay, uniq_edmund,
          uniq_natasha
D:5:      layout_loops_corners, serial_glass, glass_columns_a, glass_columns_a,
          uniq_prince_ribbit1
D:6:      layout_loops_ring, lemuel_round_altar,
          minmay_temple_entry_proselytizer
D:7:      layout_loops_corners, grunt_temple_overflow_order_and_chaos_1,
          lemuel_coloured_pillars_altar, cheibrodos_worm_habitat, serial_shops,
          shop
D:8:      cheibrodos_histonic, layout_loops_ring, serial_shops, shop,
          serial_ice, serial_ice_b, serial_ice_o, serial_ice_f, serial_ice_j,
          serial_ice_h, serial_ice_m, serial_ice_c, serial_ice_a, serial_ice_g,
          serial_ice_d, grunt_gozag_breadcrumbs, uniq_erica
D:9:      layout_rooms, erik_lair_dragon, special_room [special_room_kobold]
D:10:     layout_small_grid, serial_shops, shop, nrook_mini_vaults
D:11:     layout_grid_maze, zombieorc2_lemuel, gauntlet_entry_generic,
          hangedman_abyss_or_decor_lesser_grid, nicolae_straight_to_the_point,
          uniq_nergalle, uniq_fannar
D:12:     layout_layer_cave, serial_glass, glass_columns_a, glass_columns_c,
          glass_columns_a, glass_columns_a, glass_columns_a, glass_columns_c,
          glass_columns_a, glass_columns_b, glass_columns_c, glass_columns_a,
          eino_jars
D:13:     layout_rooms, erik_vaults_2, lemuel_altar_in_water
D:14:     layout_roguey, minivault_11
D:15:     gammafunk_depths_entry_grave, layout_basic, serial_bayou,
          serial_bayou_lagoon_a, serial_bayou_ford_a, serial_bayou_pond_b,
          serial_bayou_shore_b, hangedman_decor_diamond_cutter,
          grunt_ministairs_2, minmay_orc_keep
Temple:   zaba_magenta_temple
Lair:1:   layout_cave_pods, minivault_25, lemuel_fruit_tree
Lair:2:   layout_big_grid, swamp_mist, gammafunk_ghost_ooze
Lair:3:   layout_hall_layers, guppyfry_snake_entry_island, serial_bayou_pond_d,
          serial_bayou_pond_a, minmay_lair_oklob_chamber
Lair:4:   layout_gridlike
Lair:5:   layout_cave_shapes, nicolae_slime_entry_slimehenge,
          serial_bayou_shore_b
Lair:6:   minmay_lair_end_enchanted_forest, layout_hall_layers,
          serial_bayou_shore_b
Swamp:1:  layout_basic_swamp, serial_swamp_ruin, evilmike_swamp_ruin_house_2,
          evilmike_swamp_ruin_wall, evilmike_swamp_ruin_house_4, swamp_pool5
Swamp:2:  layout_falls_marsh, evilmike_swamp_ruin_rubble_2
Swamp:3:  layout_falls_marsh, evilmike_swamp_ruin_house_3, swamp_pool1,
          nicolae_swamp_very_dense_foliage, uniq_kirke
Swamp:4:  swamp, layout_basic_swamp, swamp_pool4
Snake:1:  layout_rooms, grunt_ministairs_9
Orc:1:    layout_caves, uniq_maurice
Orc:2:    pf_orc_diabolical, layout_diamond_mine, basic_altar,
          small_statue_alley_c

Skill      XL: |  1  2  3  4  5  6  7  8  9 10 11 12 13 14 15 16 17 |
---------------+----------------------------------------------------+-----
Polearms       | 5 6 7 8 9 11 13 15 18 20 21 | 21.0
Fighting       | 3 4 5 7 9 10 12 13 15 19 | 19.2
Dodging        | 10 13 14 | 14.6
Invocations    | 5 10 | 10.7
Evocations     | 5 7 |  7.0
Ice Magic      | 6 10 | 10.0
Spellcasting   | 6 |  6.0
Armour         | 3 5 |  5.0
Stealth        | 7 |  7.0
Throwing       | |  2.0

Action                   |  1- 3 |  4- 6 |  7- 9 | 10-12 | 13-15 | 16-18 || total
-------------------------+-------+-------+-------+-------+-------+-------++-------
Melee: Trident           |   115 |   234 |   453 |  1155 |  1628 |   258 ||  3843
       Tailslap          |       |       |       |     3 |     5 |    93 ||   101
       Halberd           |       |       |       |       |   584 |  1555 ||  2139
Throw: Throwing net      |       |     2 |       |       |       |       ||     2
 Cast: Frozen Ramparts   |       |       |       |       |    46 |    33 ||    79
       Ozocubu's Armour  |       |       |       |       |    25 |    66 ||    91
Invok: Major Destruction |       |       |       |       |     5 |       ||     5
       Minor Destruction |       |       |       |       |       |    14 ||    14
       Greater Servant o |       |       |       |       |       |     1 ||     1
Evoke: Wand              |       |       |       |    12 |     1 |     2 ||    15
  Use: Scroll            |       |     8 |     9 |    11 |     8 |    12 ||    48
       Potion            |       |     2 |     3 |     2 |       |     4 ||    11
 Stab: Sleeping          |     1 |     2 |     2 |       |       |    12 ||    17
       Distracted        |       |     1 |       |     1 |       |     3 ||     5
Armor: Leather armour    |    19 |    46 |    26 |       |       |       ||    91
       Quicksilver drago |       |       |    60 |   233 |   587 |   536 ||  1416
       Swamp dragon scal |       |       |       |       |       |   122 ||   122
Dodge: Dodged            |    57 |   109 |   176 |   427 |  1575 |  1690 ||  4034

Table legend: (Time is in decaauts)
 A = Elapsed time spent in this place.
 B = Non-inter-level travel time spent in this place.
 C = Inter-level travel time spent in this place.
 D = Time resting spent in this place.
 E = Time spent auto-exploring this place.
 F = Levels seen in this place.
 G = Mean time per level.
                   A        B        C        D        E       F      G
               +--------+--------+--------+--------+--------+-----+--------+
         Total |  40992 |  39018 |   1974 |   7965 |  23672 |  29 | 1413.5 |
       Dungeon |  22156 |  20916 |   1240 |   3080 |  14110 |  15 | 1477.1 |
        Temple |    121 |    117 |      4 |      0 |     97 |   1 |  121.0 |
          Lair |   8450 |   7995 |    455 |    992 |   5518 |   6 | 1408.3 |
         Swamp |   5559 |   5390 |    169 |   2096 |   2227 |   4 | 1389.8 |
     Snake Pit |   1427 |   1409 |     18 |    702 |    372 |   1 | 1427.0 |
  Orcish Mines |   3277 |   3191 |     86 |   1094 |   1347 |   2 | 1638.5 |
               +--------+--------+--------+--------+--------+-----+--------+

Top non-repeatable levels by time:
     D:4: 2499 daAuts
   Orc:2: 2459 daAuts
     D:8: 2364 daAuts
  Lair:3: 2023 daAuts
 Swamp:4: 1999 daAuts
  Lair:6: 1918 daAuts
    D:14: 1842 daAuts
 Swamp:3: 1805 daAuts
    D:15: 1620 daAuts
    D:12: 1589 daAuts
     D:7: 1551 daAuts
    D:11: 1442 daAuts
     D:2: 1435 daAuts
 Snake:1: 1427 daAuts
     D:3: 1414 daAuts
